 Dungeon Crawl Stone Soup version 0.30-a0-860-g512cf1e979 (webtiles) character file.

Game seed: 7973002802481199843

34310 BlueFish the Covert (level 13, -5/96 HPs)
             Began as a Vampire Enchanter on Mar 7, 2023.
             Was a Priest of Dithmenos.
             Killed from afar by a frost giant (15 damage)
             ... with a bolt of cold
             ... in an ice cave.
             The game lasted 00:55:10 (19717 turns).

BlueFish the Covert (Vampire Enchanter)            Turns: 19717, Time: 00:55:10

Health: -5/96      AC:  8    Str:  7    XL:     13   Next: 41%
Magic:  16/22      EV: 32    Int: 19    God:    Dithmenos [***...]
Gold:   1084       SH:  8    Dex: 18    Spells: 12/24 levels left

rFire   + . .      SeeInvis +    b - +3 dagger (venom)
rCold   + + .      Faith    .    O - +3 buckler
rNeg    . . .      Spirit   .    c - +0 steam dragon scales
rPois   +          Reflect  .    v - +1 hat
rElec   +          Rampage  .    G - +0 cloak
rCorr   +                        (no gloves)
Will    +....                    (no boots)
Stlth   ++++++++                 F - amulet of the acrobat
HPRegen 0.56/turn                j - ring of protection from cold
MPRegen 0.18/turn                D - ring of resist corrosion

@: confusing by touch, resistant, acrobatic, healing quickly, hasted, wreathed
by umbra, very quick
A: alive, fangs 3, see invisible, vampiric 2
a: Exsanguinate, Renounce Religion, Shadow Step


You were in an ice cave.
You worshipped Dithmenos.
Dithmenos was most pleased with you.
You visited 3 branches of the dungeon, and saw 16 of its levels.
You also visited: Sewer and Ice Cave.

You collected 1084 gold pieces.

Inventory:

Hand Weapons
 a - a +1 dagger
 b - a +3 dagger of venom (weapon)
Missiles
 e - 48 poisoned darts (quivered)
 h - 17 boomerangs
 E - a throwing net
 I - 3 curare-tipped darts
 K - 4 atropa-tipped darts
Armour
 c - +0 steam dragon scales (worn)
 v - a +1 hat (worn)
 G - a +0 cloak (worn)
 O - a +3 buckler (worn)
Jewellery
 j - a ring of protection from cold (left hand)
 D - a ring of resist corrosion (right hand)
 F - an amulet of the acrobat (around neck)
 N - a +6 ring of intelligence
 P - an amulet of reflection
Wands
 y - a wand of flame (49)
 H - a wand of paralysis (11)
 V - a wand of iceblast (10)
Scrolls
 d - a scroll of identify
 f - a scroll of butterflies {unknown}
 g - 2 scrolls of vulnerability
 k - a scroll of amnesia
 m - 3 scrolls of teleportation
 p - a scroll of blinking
 q - a scroll of immolation
 t - 6 scrolls of enchant weapon
 u - 4 scrolls of fear
 w - 5 scrolls of enchant armour
 B - a scroll of magic mapping
 C - a scroll of brand weapon
 L - a scroll of poison
 M - a scroll of silence
 R - a scroll of fog
Potions
 i - a potion of lignification
 l - 3 potions of haste
 n - 4 potions of curing
 o - 5 potions of mutation
 s - 3 potions of magic
 x - 4 potions of resistance
 z - 2 potions of brilliance
 A - a potion of ambrosia
 J - a potion of berserk rage
 Q - 2 potions of invisibility
 U - a potion of might
Miscellaneous
 T - a phantom mirror


   Skills:
 + Level 7.0 Fighting
 + Level 8.4 Short Blades
 + Level 6.4 Throwing
 + Level 6.3 Armour
 + Level 8.6 Dodging
 * Level 13.3 Stealth
 * Level 4.2 Shields
 - Level 6.4 Spellcasting
 + Level 11.7 Hexes
 + Level 2.3 Ice Magic
 + Level 4.6 Invocations
 + Level 4.8 Evocations


You had 12 spell levels left.
You knew the following spells:

 Your Spells              Type           Power      Damage    Failure   Level
a - Ensorcelled Hibernat  Hex/Ice        64%        N/A       1%          2
b - Confusing Touch       Hex            50%        N/A       1%          3
c - Tukima's Dance        Hex            50%        N/A       1%          3
d - Slow                  Hex            100%       N/A       1%          1
e - Dazzling Flash        Conj/Hex       56%        N/A       3%          3

Your spell library contained the following spells:

 Spells                   Type           Power      Damage    Failure   Level
 Leda's Liquefaction      Hex/Erth       14%        N/A       12%         4
 Shock                    Conj/Air       24%        1d4       14%         1
 Passwall                 Tmut/Erth      5%         N/A       21%         2
 Metabolic Englaciation   Hex/Ice        16%        N/A       21%         5
 Yara's Violent Unravell  Hex/Tmut       14%        3d7       32%         5
 Swiftness                Air            6%         N/A       38%         3
 Vampiric Draining        Necr           6%         2d6       38%         3
 Airstrike                Air            3%         2d(1-17)  80%         4
 Passage of Golubria      Tloc           6%         N/A       80%         4
 Petrify                  Tmut/Erth      6%         N/A       80%         4
 Lee's Rapid Deconstruct  Erth           3%         3d5*      98%         5
 Statue Form              Tmut/Erth      4%         N/A       100%        6


Dungeon Overview and Level Annotations

Branches:
Dungeon (11/15)            Temple (1/1) D:6            Lair (4/5) D:8
  Swamp (0/4) Lair:2       Spider (0/4) Lair:3          Orc (0/2) D:9
  Sewer (visited)           IceCv (1/1)
  Slime: Lair:4-5

Altars:
Ashenzari
Cheibriados
Dithmenos
Fedhas
Gozag
Hepliaklqana
Kikubaaqudgha
Makhleb
Nemelex Xobeh
Okawaru
Qazlal
Ru
Sif Muna
Trog
Uskayaw
Vehumet
Wu Jian
Xom
Yredelemnul

Shops:
D:3 !   D:6 [   D:10 *

Annotations:
D:11 3 runed translucent doors, arthad's ghost, novice FeSu
Lair:1 3 runed translucent doors, SprigganGuy's ghost, novice DjHW
Lair:2 1 exclusion IceCv exclusion: ice statue


Innate Abilities, Weirdness & Mutations

Your natural rate of healing is accelerated.
You have razor-sharp teeth.
You have supernaturally acute eyesight. (SInv)
You are afflicted with vampirism and can become a bat while bloodless.


Message History

You hit the frost giant but do no damage.
You hit the frost giant but do no damage.
The frost giant closely misses you.
You hit the frost giant but do no damage.
You hit the frost giant but do no damage.
The frost giant hits you!
You hit the frost giant but do no damage.
The frost giant hits you but does no damage.
You hit the frost giant but do no damage.
You hit the frost giant but do no damage.
You bite the frost giant, but do no damage.
The frost giant points at you and mumbles some strange words.
The bolt of cold hits you!! You resist.
You hit the frost giant but do no damage.
The frost giant points at you and mumbles some strange words.
The bolt of cold hits you!! You resist.
* * * LOW HITPOINT WARNING * * *
You feel protected.
Your +1 battleaxe of freezing hits the frost giant!
The frost giant points at you and mumbles some strange words.
The bolt of cold hits you. You resist.
* * * LOW HITPOINT WARNING * * *
You hit the frost giant but do no damage.
The frost giant is lightly wounded.
You hit the frost giant but do no damage.
You bite the frost giant, but do no damage.
The frost giant is lightly wounded.
The frost giant hits you.
* * * LOW HITPOINT WARNING * * *
Your +1 battleaxe of freezing hits the frost giant!
You hit the frost giant but do no damage.
The frost giant is lightly wounded.
The frost giant casts a spell at you. The bolt of cold hits you! You resist.
* * * LOW HITPOINT WARNING * * *
Something hits the frost giant!
You feel yourself speed up. The frost giant barely misses you.
The frost giant gestures at you while chanting.
The bolt of cold hits you! You resist.
You die...

.○###### ###....##...## #°○§#..#
###...#....####
###°..####....#######
#..☼###...#### #### ##
###.##...## ###..######.
##.....## ###..#...#....
##.#..⌠..## #..#####...###
##.###.....##########..#..####.#.
#.#.#####...##..@##...#.##..###.#
##.## ###.(C##...########..###.
### ########## #### ##


You could see a frost giant (ally target) and a friendly +1 battleaxe of
freezing.

Vanquished Creatures
  A hydra (Lair:2)
  2 catoblepae (Lair:1)
  A boulder beetle (D:11)
  2 two-headed ogres
  5 death yaks (IceCv)
  A cyclops (D:11)
  2 manticores (D:11)
  A black mamba (Lair:3)
  A torpor snail (Lair:2)
  4 cane toads
  A kobold demonologist (D:11)
  A rime drake (Lair:2)
  Psyche (D:8)
  3 komodo dragons
  A troll (D:8)
  14 polar bears
  A hornet (D:8)
  18 blink frogs
  9 spriggans (Lair:1)
  34 yaks
  6 culicivoras (Lair:3)
  A wyvern (D:9)
  A basilisk (Lair:1)
  2 death yak simulacra (Lair:4)
  4 vampire mosquitoes (D:10)
  A steam dragon (D:8)
  6 water moccasins
  Duvessa (D:4)
  An ice beast (D:8)
  6 orc warriors
  4 black bears
  4 ogres
  22 wolves
  7 centaurs
  2 phantoms
  7 gnoll sergeants
  7 kobold brigands
  13 bullfrogs
  2 scorpions (D:5)
  7 wights
  Dowan (D:4)
  2 elephant simulacra (Lair:4)
  7 howler monkeys
  A lava snake (D:8)
  Crazy Yiuf (D:7)
  8 hounds
  3 gnoll boudas
  5 iguanas
  8 orc wizards
  A polar bear simulacrum (Lair:4)
  Robin (D:4)
  10 gnolls
  14 adders
  3 river rats
  A shadow imp (D:5)
  A white imp (D:8)
  3 worms
  6 dart slugs
  21 orcs
  17 ball pythons
  4 bats
  2 endoplasms (D:4)
  6 giant cockroaches
  20 goblins
  11 hobgoblins
  8 jackals
  31 kobolds
  2 quokkas
  5 frilled lizards
  8 rats
418 creatures vanquished.

Vanquished Creatures (collateral kills)
  A spriggan (Lair:1)
  2 wights
  A gnoll bouda (D:7)
  A gnoll (D:7)
5 creatures vanquished.

Vanquished Creatures (others)
  23 dancing weapons
  A wolf (IceCv)
  14 fungi
  29 plants
67 creatures vanquished.

Grand Total: 490 creatures vanquished

Notes
Turn   | Place    | Note
-------+----------+-------------------------------------------
     0 | D:1      | BlueFish the Vampire Enchanter began the quest for the Orb.
     0 | D:1      | Reached XP level 1. HP: 13/13 MP: 3/3
   143 | D:1      | Reached XP level 2. HP: 19/19 MP: 5/5
   360 | D:1      | Gained mutation: You are afflicted with vampirism and can
                  | become a bat while bloodless. [Vampire growth]
   360 | D:1      | Reached XP level 3. HP: 16/25 MP: 6/6
  1112 | D:2      | Found a sparkling altar of Nemelex Xobeh.
  1128 | D:2      | Learned a level 2 spell: Ensorcelled Hibernation
  1132 | D:2      | Learned a level 3 spell: Confusing Touch
  1218 | D:2      | Reached skill level 5 in Stealth
  1450 | D:2      | Reached XP level 4. HP: 29/31 MP: 7/7
  1664 | D:3      | Found Ihefur's Distillery.
  1695 | D:3      | Reached skill level 1 in Fighting
  1892 | D:3      | Reached skill level 1 in Armour
  1892 | D:3      | Reached skill level 5 in Hexes
  2228 | D:4      | Reached skill level 1 in Throwing
  2228 | D:4      | Reached XP level 5. HP: 37/37 MP: 3/8
  2234 | D:4      | Learned a level 3 spell: Tukima's Dance
  2460 | D:4      | Noticed Robin
  2490 | D:4      | Killed Robin
  2630 | D:4      | Noticed a black bear
  2633 | D:4      | Killed a black bear
  2634 | D:4      | Reached XP level 6. HP: 43/43 MP: 8/10
  3167 | D:4      | Found a hide-covered altar of Uskayaw.
  3168 | D:4      | Noticed Dowan
  3169 | D:4      | Noticed Duvessa
  3346 | D:4      | Killed Duvessa
  3347 | D:4      | Reached skill level 6 in Stealth
  3840 | D:4      | Killed Dowan
  3841 | D:4      | Reached XP level 7. HP: 50/50 MP: 6/11
  3876 | D:5      | Entered Level 5 of the Dungeon
  4030 | D:5      | Found a glowing drain.
  4057 | Sewer    | Entered a sewer
  5058 | D:5      | Reached XP level 8. HP: 57/57 MP: 8/13
  5473 | D:6      | Learned a level 1 spell: Slow
  5477 | D:6      | Learned a level 3 spell: Dazzling Flash
  5499 | D:5      | Reached skill level 7 in Stealth
  5698 | D:6      | Found Yneaczev's Antique Armour Shop.
  5979 | D:6      | Found a staircase to the Ecumenical Temple.
  5989 | Temple   | Entered the Ecumenical Temple
  6774 | D:7      | Reached skill level 5 in Dodging
  6799 | D:7      | Reached XP level 9. HP: 64/64 MP: 10/15
  6811 | D:7      | Identified the +5 quarterstaff of Rumov {antimagic, rPois
                  | Str+4}
  7117 | D:7      | Reached skill level 8 in Stealth
  7709 | D:7      | Found a runed translucent door.
  7710 | D:7      | Noticed Crazy Yiuf
  7717 | D:7      | Killed Crazy Yiuf
  7829 | D:8      | Reached skill level 5 in Short Blades
  7832 | D:8      | Found a staircase to the Lair.
  7988 | D:8      | Noticed Psyche
  7994 | D:8      | Killed Psyche
  8232 | D:8      | Noticed a troll
  8292 | D:8      | Reached skill level 5 in Spellcasting
  8316 | D:8      | Reached skill level 9 in Stealth
  8331 | D:8      | Identified the +1 trident of the Boar {protect, rF+}
  8623 | D:8      | Reached XP level 10. HP: 52/73 MP: 8/17
  9383 | D:9      | Found a basalt altar of Yredelemnul.
  9617 | D:9      | Found a shadowy altar of Dithmenos.
  9625 | D:9      | Became a worshipper of Dithmenos the Shadowed
  9657 | D:9      | Found a staircase to the Orcish Mines.
 10395 | D:9      | Reached skill level 5 in Fighting
 10398 | D:9      | Reached skill level 1 in Invocations
 10398 | D:9      | Reached skill level 1 in Evocations
 10442 | D:9      | Reached skill level 10 in Stealth
 10553 | D:10     | Entered Level 10 of the Dungeon
 10553 | D:10     | Found Zoze's General Store.
 10793 | D:10     | Noticed a two-headed ogre
 10947 | D:10     | Killed a two-headed ogre
 10948 | D:10     | Reached XP level 11. HP: 80/80 MP: 8/19
 11104 | D:10     | Reached * piety under Dithmenos
 11655 | D:10     | Found a blossoming altar of Fedhas.
 11919 | D:11     | Noticed a boulder beetle
 11920 | D:11     | Found a runed translucent gate.
 11920 | D:11     | Found a runed translucent gate.
 11920 | D:11     | Found a runed translucent gate.
 11920 | D:11     | Noticed arthad's ghost (novice FeSu)
 11929 | D:11     | Killed a boulder beetle
 11930 | D:11     | Reached skill level 5 in Armour
 11930 | D:11     | Reached skill level 10 in Hexes
 12100 | D:11     | Reached skill level 5 in Throwing
 12220 | D:11     | Noticed a two-headed ogre
 12234 | D:11     | Killed a two-headed ogre
 12755 | Lair:1   | Entered Level 1 of the Lair of Beasts
 12755 | Lair:1   | Noticed a catoblepas
 12765 | D:8      | HP: 3/81 [komodo dragon (23)]
 12914 | D:8      | Upgraded the game from 0.30-a0-859-gf88a04b62d to
                  | 0.30-a0-860-g512cf1e979
 12926 | Lair:1   | Killed a catoblepas
 12927 | Lair:1   | Reached skill level 11 in Stealth
 13012 | Lair:1   | Found a runed translucent gate.
 13012 | Lair:1   | Found a runed translucent gate.
 13012 | Lair:1   | Found a runed translucent gate.
 13013 | Lair:1   | Noticed a nine-headed hydra
 13014 | Lair:1   | Noticed SprigganGuy's ghost (novice DjHW)
 13027 | Lair:1   | Noticed a catoblepas
 13073 | Lair:1   | Killed a catoblepas
 13549 | Lair:1   | Reached XP level 12. HP: 88/88 MP: 18/21
 13628 | Lair:1   | Reached ** piety under Dithmenos
 14092 | Lair:1   | Reached skill level 1 in Shields
 14627 | Lair:2   | Noticed a six-headed hydra
 14770 | Lair:2   | Killed a six-headed hydra
 15879 | Lair:2   | Found a staircase to the Swamp.
 15966 | Lair:3   | Reached skill level 12 in Stealth
 16222 | Lair:3   | Reached skill level 1 in Ice Magic
 16514 | Lair:3   | Found a hole to the Spider Nest.
 17175 | Lair:4   | Found a frozen archway.
 17205 | Lair:4   | Reached *** piety under Dithmenos
 17285 | IceCv    | Entered an ice cave
 17353 | IceCv    | Reached XP level 13. HP: 95/95 MP: 22/22
 17875 | IceCv    | Reached skill level 13 in Stealth
 17983 | IceCv    | Reached **** piety under Dithmenos
 19539 | IceCv    | Noticed a frost giant
 19717 | IceCv    | Killed from afar by a frost giant

Illustrated notes

Levels and vault maps discovered:
D:1:      evilmike_arrival_hilbert_curve, layout_basic, skrybe_limestone_x,
          st_stairs_2, nicolae_titane
D:2:      layout_rooms, basic_altar
D:3:      layout_rooms, tso_oasis_becter, serial_shops, shop
D:4:      minmay_chambers_of_threes, layout_basic,
          mainiacjoe_overflow_concentric_impassable, lemuel_round_altar,
          serial_glass, glass_columns_a, glass_columns_b, uniq_robin,
          uniq_duvessa
D:5:      layout_basic, portal_sewer_entry_b
D:6:      layout_rooms, minmay_temple_entry_trees, serial_shops,
          nicolae_shop_stone
D:7:      layout_basic, uniq_crazy_yiuf_cottage
D:8:      kennysheep_blocky_hall, layout_basic, dpeg_oklobed_lair,
          amcnicky_mini_pool_medium, uniq_psyche
D:9:      layout_rooms, mainiacjoe_overflow_boulevard,
          mainiacjoe_overflow_surrounded_room,
          kennysheep_orc_monster_closet_entryway
D:10:     layout_rooms, fedhas_bush_and_centaur_altar, serial_shops, shop
D:11:     layout_roguey, gammafunk_ghost_nasty_kobolds, kennysheep_another_room
Temple:   nicolae_temple_elliptical
Lair:1:   kb_forest_paths, layout_loops_ring, gammafunk_ghost_hydra_chop
Lair:2:   layout_cave_pods, minmay_swamp_entry_worms, serial_bayou_shore_b,
          lemuel_fruit_fields
Lair:3:   layout_loops_ring, hellmonk_spider_entry_life_and_decay,
          chequers_serial_rivers_micro_d, dreamdust_gnoll_shepherd,
          infiniplex_staircase_pool_2, grunt_megastairs_5
Lair:4:   layout_hall_layers, ebering_ghost_rock_garden,
          portal_ice_cave_entry_ice_simulacra, serial_bayou_shore_b
IceCv:    ice_cave_caverns_01

Skill      XL: |  1  2  3  4  5  6  7  8  9 10 11 12 13 |
---------------+----------------------------------------+-----
Stealth        | 5 6 7 9 10 11 12 13 | 13.3
Fighting       | 1 2 3 4 5 6 7 |  7.0
Armour         | 1 2 3 4 5 6 |  6.3
Hexes          | 5 6 7 8 9 10 11 | 11.7
Dodging        | 3 4 5 6 7 8 |  8.6
Short Blades   | 2 3 4 5 6 7 8 |  8.4
Throwing       | 1 2 3 4 5 6 |  6.4
Spellcasting   | 3 4 5 6 |  6.4
Invocations    | 1 3 4 |  4.6
Evocations     | 1 3 4 |  4.8
Shields        | 3 4 |  4.2
Ice Magic      | 1 2 |  2.3

Action                     |  1- 3 |  4- 6 |  7- 9 | 10-12 | 13-15 || total
---------------------------+-------+-------+-------+-------+-------++-------
  Melee: Dagger            |   151 |   162 |   470 |   927 |   337 ||  2047
         Bite              |     9 |    17 |    47 |   134 |    67 ||   274
         Punch             |     2 |     1 |     5 |    11 |       ||    19
  Throw: Dart              |       |       |       |    42 |    12 ||    54
   Cast: Ensorcelled Hiber |       |    23 |    69 |    68 |       ||   160
         Confusing Touch   |       |     1 |    11 |    73 |    26 ||   111
         Tukima's Dance    |       |       |    22 |    42 |     2 ||    66
         Slow              |       |       |       |     1 |       ||     1
         Dazzling Flash    |       |       |       |       |     1 ||     1
    Use: Potion            |       |     1 |     2 |     2 |     8 ||    13
         Scroll            |       |       |       |    23 |     2 ||    25
   Stab: Sleeping          |    13 |    20 |    59 |    67 |    11 ||   170
         Confused          |       |       |     9 |    74 |    26 ||   109
         Distracted        |       |       |     1 |     1 |       ||     2
 Armour: Robe              |    18 |    20 |    66 |       |       ||   104
         Steam dragon scal |       |       |       |    69 |    20 ||    89
  Dodge: Dodged            |    70 |   121 |   373 |   384 |   138 ||  1086
  Block: Buckler           |       |       |       |    46 |    70 ||   116

Table legend: (Time is in decaauts)
 A = Elapsed time spent in this place.
 B = Non-inter-level travel time spent in this place.
 C = Inter-level travel time spent in this place.
 D = Time resting spent in this place.
 E = Time spent auto-exploring this place.
 F = Levels seen in this place.
 G = Mean time per level.
                   A        B        C        D        E       F      G
               +--------+--------+--------+--------+--------+-----+--------+
         Total |  19030 |  18302 |    728 |    155 |  13041 |  18 | 1057.2 |
       Dungeon |  11617 |  11062 |    555 |     29 |   7735 |  11 | 1056.1 |
        Temple |    177 |    142 |     35 |      0 |    128 |   1 |  177.0 |
          Lair |   4112 |   3974 |    138 |     18 |   3087 |   4 | 1028.0 |
         Sewer |    864 |    864 |      0 |      0 |    572 |   1 |  864.0 |
      Ice Cave |   2259 |   2259 |      0 |    108 |   1518 |   1 | 2259.0 |
               +--------+--------+--------+--------+--------+-----+--------+

Top non-repeatable levels by time:
   IceCv: 2259 daAuts
     D:8: 1889 daAuts
     D:4: 1734 daAuts
  Lair:1: 1568 daAuts
     D:7: 1340 daAuts
  Lair:2: 1303 daAuts
    D:10: 1177 daAuts
     D:5: 1124 daAuts
     D:1: 1104 daAuts
  Lair:3: 1080 daAuts
     D:9: 894 daAuts
   Sewer: 864 daAuts
    D:11: 832 daAuts
     D:3: 514 daAuts
     D:6: 507 daAuts
